 Dungeon Crawl Stone Soup version 0.24-a0-284-g9fb9971df1 (webtiles) character file.

Game seed: 8495319908531519685

45 Redear the Skirmisher (level 3, -6/29 HPs)
             Began as a Demonspawn Chaos Knight on May 6, 2019.
             Was a Plaything of Xom.
             Mangled by a spatial vortex (7 damage)
             ... summoned by the capriciousness of Xom
             ... on level 2 of the Dungeon.
             The game lasted 00:01:33 (1253 turns).

Redear the Skirmisher (Demonspawn Chaos Knight)     Turns: 1253, Time: 00:01:34

Health: -6/29      AC:  5    Str: 13    XL:     3   Next: 42%
Magic:  3/3        EV: 12    Int: 13    God:    Xom [..*...]
Gold:   27         SH:  0    Dex: 12    Spells: 2/2 levels left

rFire    . . .     SeeInvis .   d - +0 dagger
rCold    . . .     Gourm    .   (no shield)
rNeg     . . .     Faith    .   b - +2 leather armour
rPois    .         Spirit   .   (no helmet)
rElec    .         Reflect  .   (no cloak)
rCorr    .         Harm     .   (no gloves)
MR       .....                  (no boots)
Stlth    +.........             (no amulet)
HPRegen  0.09/turn              (no ring)
MPRegen  0.08/turn              (no ring)

@: slowed, very slow
A: talons 1, sturdy frame 1
a: Renounce Religion


You were on level 2 of the Dungeon.
You worshipped Xom.
You were a toy of Xom.
You were not hungry.

You visited 1 branch of the dungeon, and saw 2 of its levels.

You collected 27 gold pieces.

Inventory:

Hand Weapons
 a - a +0 hand axe of chaos
 d - a +0 dagger (weapon)
Armour
 b - a +2 leather armour (worn)
Scrolls
 c - 2 scrolls of remove curse {unknown}
Potions
 e - a potion of lignification {unknown}
 f - a potion of cancellation {unknown}
 g - 2 potions of heal wounds {unknown}
Comestibles
 h - 2 chunks of flesh
 z - 4 rations


   Skills:
 + Level 3.4 Fighting
 + Level 3.1 Axes
 + Level 2.3 Armour
 + Level 1.5 Dodging


You had 2 spell levels left.
You didn't know any spells.
Your spell library was empty.

Dungeon Overview and Level Annotations

Branches:
Dungeon (2/15)

Altars:

Annotations:
D:2 Jessica, Natasha


Innate Abilities, Weirdness & Mutations

You have sharp toenails.
Your movements are slightly less encumbered by armour. (ER -2)


Message History

Natasha is lightly wounded.
Natasha claws you.
The shadow imp laughs crazily.
The crimson imp shouts, "Repent, thou vain clay-brained clotpole!"
You take 2 damage, and have 25/29 hp.
You hit Natasha.
Natasha is lightly wounded.
You hear Xom's maniacal laughter.
Space twists in upon itself!
Natasha closely misses you. Natasha barely misses you.
A spatial vortex comes into view.
You hit Natasha. You claw Natasha, but do no damage.
Natasha is moderately wounded.
The spatial vortex hits you!!
Ouch! That really hurt!
* * * LOW HITPOINT WARNING * * *
Xom thinks this is hilarious!
Space bends around you.
You die...
Xom guffaws!

####.#÷<# .....$...##
#.###.##÷..####
#.....##.#....#
..##.##.$.##.#
..##.....###.# .
##..####.#.###.## .#.
....####.#......###.....
#........#####.v@h55#.#.
..........# #.###b.....
###.#####.# #.# .#.#.
###.#####.####.## ....
.......##........ ...###
...$.....†####.## #.#
.##.#...#.####.# #.#
.##............ #.#
.####...#.##### #.#


You could see a spatial vortex, Natasha, a crimson imp, a shadow imp and a bat.

Vanquished Creatures
  An adder (D:2)
  3 dart slugs
  A leopard gecko (D:1)
  A ball python (D:2)
  3 giant cockroaches
  5 goblins
  5 hobgoblins
  2 kobolds (D:1)
  3 bats (D:2)
  A frilled lizard (D:1)
  2 rats (D:1)
27 creatures vanquished.

Notes
Turn   | Place    | Note
-------+----------+-------------------------------------------
     0 | D:1      | Redear the Demonspawn Chaos Knight began the quest for the
                  | Orb.
     0 | D:1      | Reached XP level 1. HP: 18/18 MP: 1/1
    32 | D:1      | Reached skill level 1 in Dodging
    70 | D:1      | XOM: silly message
   291 | D:1      | XOM: mild Necr miscast
   319 | D:1      | Reached skill level 2 in Armour
   319 | D:1      | Gained mutation: Your movements are slightly less
                  | encumbered by armour. (ER -2) [demonic ancestry]
   319 | D:1      | Reached XP level 2. HP: 19/24 MP: 2/2
   762 | D:1      | XOM: mild Hex miscast
   814 | D:2      | Noticed Jessica
   823 | D:1      | XOM: harmless Pois miscast
   826 | D:1      | Reached skill level 3 in Axes
   867 | D:2      | Gained mutation: You have sharp toenails. [demonic
                  | ancestry]
   867 | D:2      | Reached XP level 3. HP: 7/29 MP: 3/3
   878 | D:2      | Noticed Natasha
  1249 | D:2      | XOM: harmless Air miscast
  1252 | D:2      | XOM: mild Tloc miscast
  1253 | D:2      | Noticed a spatial vortex
  1253 | D:2      | HP: 1/29 [spatial vortex[the capriciousness of Xom] (24)]
  1253 | D:2      | Mangled by a spatial vortex

Levels and vault maps discovered:
D:1:      minmay_arrival_up_and_down, layout_basic
D:2:      layout_loops_ring, zin_academy, first_ration, serial_glass,
          glass_columns_b, glass_columns_b, glass_columns_b, uniq_natasha,
          uniq_jessica

Skill      XL: |  1  2 |
---------------+-------+-----
Dodging        | 1 |  1.5
Armour         | 2 |  2.3
Axes           | 3 |  3.1
Fighting       | |  3.4

Action                   || total
-------------------------++-------
Melee: Dagger            ||   146
       Hand axe          ||     8
       Kick              ||     8
 Stab: Confused          ||     3
       Sleeping          ||     1
  Eat: Chunk             ||     1
Armor: Leather armour    ||    72
Dodge: Dodged            ||   119

Table legend:
 A = Non-vault XP
 B = Vault XP
 C = Vault XP percentage of total XP
 D = Non-vault monster count
 E = Vault monster count
 F = Vault count percentage of total count
                 A         B        C        D         E       F
            +---------+---------+-------+---------+---------+-------
      Total |      65 |       0 |   0.0 |      27 |       0 |   0.0
            +---------+---------+-------+---------+---------+-------
        D:1 |      30 |       0 |   0.0 |      16 |       0 |   0.0
        D:2 |      35 |       0 |   0.0 |      11 |       0 |   0.0
            +---------+---------+-------+---------+---------+-------
